 Dungeon Crawl Stone Soup version 0.30.1 (webtiles) character file.

Game seed: 13746372806958731835

51 Graphine the Grave Robber (level 3, 0/26 HPs)
             Began as a Vampire Necromancer on July 8, 2023.
             Slain by Robin
             ... wielding a +0 spear
              (4 damage)
             ... on level 2 of the Dungeon.
             The game lasted 00:03:34 (961 turns).

Graphine the Grave Robber (Vampire Necromancer)      Turns: 961, Time: 00:03:34

Health: 0/26       AC:  2    Str:  7    XL:     3   Next: 58%
Magic:  1/6        EV: 12    Int: 19    God:
Gold:   41         SH:  0    Dex: 14    Spells: 5/6 levels left

rFire   . . .        d - +1 short sword
rCold   . . .        (no shield)
rNeg    . . .        a - +0 robe
rPois   .            (no helmet)
rElec   .            (no cloak)
rCorr   .            (no gloves)
SInv    +            (no boots)
Will    .....        (no amulet)
Stlth   ++           (no ring)
HPRegen 0.44/turn    (no ring)
MPRegen 0.10/turn

%: no passive effects
@: very slightly contaminated, healing quickly
A: alive, fangs 3, see invisible, vampiric 2
a: Exsanguinate


You were on level 2 of the Dungeon.
You visited 1 branch of the dungeon, and saw 2 of its levels.

You collected 41 gold pieces.

Inventory:

Hand Weapons
 d - a +1 short sword (weapon)
Armour
 a - a +0 robe (worn)
Scrolls
 j - a scroll of teleportation
 k - a scroll of enchant weapon
Potions
 f - a potion of curing {unknown}
 g - a potion of haste {unknown}


   Skills:
 + Level 1.1 Fighting
 + Level 2.7 Dodging
 - Level 3.0 Stealth
 + Level 2.4 Spellcasting
 * Level 5.0 Necromancy


You had 5 spell levels left.
You knew the following spells:

 Your Spells              Type           Power      Damage    Failure   Level
a - Necrotise             Necr           84%        1d8       1%          1

Your spell library contained the following spells:

 Spells                   Type           Power      Damage    Failure   Level
 Vampiric Draining        Necr           21%        2d7       6%          3
 Animate Dead             Necr           21%        N/A       21%         4
 Blink                    Tloc           4%         N/A       24%         2
 Lesser Beckoning         Tloc           4%         N/A       24%         2
 Momentum Strike          Conj/Tloc      4%         3d8       24%         2
 Agony                    Necr           21%        N/A       50%         5


Dungeon Overview and Level Annotations

Branches:
Dungeon (2/15)

Altars:

Annotations:
D:2 Robin


Innate Abilities, Weirdness & Mutations

Your natural rate of healing is accelerated.
You have razor-sharp teeth.
You have supernaturally acute eyesight. (SInv)
You are afflicted with vampirism and can become a bat while bloodless.


Message History

Okay, then.
Magic courses through your body. The goblin hits you with a +0 dagger.
* * * LOW HITPOINT WARNING * * *
You are too injured to fight recklessly!
Aiming: Necrotise (safe; 1% risk of failure)
Press: ? - help, Q - select action Shift-Dir - straight line, f/p - goblin
Aim: a goblin, wielding a +0 dagger (heavily wounded, strong, chance to affect: 90%)
The goblin writhes in agony.
You kill the goblin!
The dead are walking!
You swap places.
The goblin hits your goblin skeleton with a +0 club.
Your goblin skeleton is destroyed!
Aiming: Necrotise (safe; 1% risk of failure)
Press: ? - help, Q - select action Shift-Dir - straight line, f - goblin
Aim: a goblin, wielding a +0 club (strong, chance to affect: 90%)
The goblin writhes in agony.
You kill the goblin!
The dead are walking!
The hobgoblin hits your goblin skeleton!
Your goblin skeleton is destroyed!
Aiming: Necrotise (safe; 1% risk of failure)
Press: ? - help, Q - select action Shift-Dir - straight line, f - hobgoblin
Aim: a hobgoblin (strong, chance to affect: 90%)
The hobgoblin writhes in agony.
Unknown command.
Aiming: Necrotise (safe; 1% risk of failure)
Press: ? - help, Q - select action Shift-Dir - straight line, f/p - hobgoblin
Aim: a hobgoblin (moderately wounded, strong, chance to affect: 90%)
You miscast Necrotise.
You are very lightly contaminated with residual magic.
Nothing appears to happen.
Aiming: Necrotise (safe; 1% risk of failure)
Press: ? - help, Q - select action Shift-Dir - straight line, f/p - hobgoblin
Aim: a hobgoblin (moderately wounded, strong, chance to affect: 90%)
The hobgoblin writhes in agony.
You kill the hobgoblin!
The dead are walking!
Robin hits you from afar with a +0 spear.
You die...

...#
#.....#
#...#
##.#
#....##
#...#
##.#
#.#.##
#.8.#
##.#
#.###
#.⌠.#
##.# #.#
#.8.#
...####.#
#...#
........#
#...#
#.#######
##'## #.#
#.@.# #.#
##.#.#
..#
#g###.#
..# #Z#
.# .##
.## #. .#
#. .#
.######
.# #.
.......
#. .#
.......
..


You could see Robin (ally target) and a friendly hobgoblin skeleton.

Vanquished Creatures
  A dart slug (D:2)
  2 ball pythons (D:1)
  3 bats (D:1)
  3 endoplasms (D:1)
  A giant cockroach (D:1)
  8 goblins (D:2)
  6 hobgoblins
  4 quokkas
  9 frilled lizards
  2 kobolds
  3 rats
42 creatures vanquished.

Vanquished Creatures (collateral kills)
  An endoplasm (D:2)
  2 frilled lizards (D:1)
3 creatures vanquished.

Grand Total: 45 creatures vanquished

Notes
Turn   | Place    | Note
-------+----------+-------------------------------------------
     0 | D:1      | Graphine the Vampire Necromancer began the quest for the
                  | Orb.
     0 | D:1      | Reached XP level 1. HP: 13/13 MP: 3/3
   135 | D:1      | Reached XP level 2. HP: 16/20 MP: 0/5
   504 | D:1      | Gained mutation: You are afflicted with vampirism and can
                  | become a bat while bloodless. [Vampire growth]
   504 | D:1      | Reached XP level 3. HP: 25/25 MP: 4/6
   801 | D:2      | Reached skill level 1 in Fighting
   935 | D:2      | Reached skill level 5 in Necromancy
   948 | D:2      | Noticed Robin
   961 | D:2      | Slain by Robin

Illustrated notes

Levels and vault maps discovered:
D:1:      ldierk_walled_garden_2, layout_loops_ring, minmay_lizard_pond
D:2:      layout_loops_cross, serial_shops, shop, grunt_decor_clamped,
          nicolae_half_adder, uniq_natasha, uniq_robin

Skill      XL: |  1  2  3 |
---------------+----------+-----
Fighting       | 1 |  1.1
Necromancy     | 5 |  5.0
Dodging        | |  2.7
Stealth        | |  3.0
Spellcasting   | |  2.4

Action                     || total
---------------------------++-------
  Melee: Unarmed           ||    12
         Short sword       ||    49
         Bite              ||     9
         Punch             ||     1
   Cast: Necrotise         ||    41
    Use: Scroll            ||     5
         Potion            ||     1
   Stab: Sleeping          ||     5
 Armour: Robe              ||    11
  Dodge: Dodged            ||    37
